 Dungeon Crawl Stone Soup version 0.28-b1-70-g80dc712255 (webtiles) character file.

Game seed: 5701113549932190321

64 adizb the Skirmisher (level 4, -13/31 HPs)
             Began as an Octopode Fighter on Feb 3, 2022.
             Killed from afar by Ijyb (38 damage)
             ... with a bolt of acid
             ... on level 3 of the Dungeon.
             The game lasted 00:06:46 (1209 turns).

adizb the Skirmisher (Octopode Fighter)             Turns: 1209, Time: 00:06:47

Health: -13/31     AC:  1    Str: 15    XL:     4   Next: 12%
Magic:  4/4        EV: 13    Int: 10    God:
Gold:   76         SH:  4    Dex: 13    Spells: 3/3 levels left

rFire   . . .      SeeInvis +   a - +0 rapier
rCold   . . .      Faith    .   b - +0 buckler
rNeg    . . .      Spirit   .   (helmet restricted)
rPois   .          Reflect  .   (no amulet)
rElec   .          Harm     .   h - ring of see invisible
rCorr   .          Rampage  .   (no ring)
Will    .....                   (no ring)
Stlth   +++.......              (no ring)
HPRegen 0.10/turn               (no ring)
MPRegen 0.09/turn               (no ring)
                                (no ring)
                                (no ring)

@: no status effects
A: almost no armour, amphibious, 8 rings, camouflage 1, gelatinous body 1,
(nimble swimmer 1), tentacles
a: no special abilities


You were on level 3 of the Dungeon.
You visited 1 branch of the dungeon, and saw 3 of its levels.

You collected 76 gold pieces.

Inventory:

Hand Weapons
 a - a +0 rapier (weapon)
 g - a +0 dagger
Armour
 b - a +0 buckler (worn)
Magical Staves
 e - a staff of poison
Jewellery
 h - a ring of see invisible (left tentacle)
Scrolls
 f - a scroll of identify {unknown}
 i - a scroll of amnesia {unknown}
 l - a scroll of vulnerability {unknown}
Potions
 c - a potion of might
 d - a potion of mutation {unknown}
 j - a potion of curing {unknown}
 k - a potion of cancellation {unknown}
 m - a potion of degeneration {unknown}


   Skills:
 + Level 3.2 Fighting
 * Level 2.9 Short Blades
 + Level 3.2 Dodging
 * Level 2.8 Stealth
 + Level 3.2 Shields


You had 3 spell levels left.
You didn't know any spells.
Your spell library contained the following spells:

 Spells                   Type           Power      Damage    Failure   Level
 Shock                    Conj/Air       0%         1d3       45%         1
 Ensorcelled Hibernation  Hex/Ice        0%         N/A       58%         2
 Passwall                 Tmut/Erth      0%         N/A       58%         2
 Frozen Ramparts          Ice            0%         1d2       83%         3
 Inner Flame              Hex/Fire       0%         N/A       83%         3
 Swiftness                Air            0%         N/A       83%         3
 Airstrike                Air            0%         N/A       99%         4
 Cause Fear               Hex            0%         N/A       99%         4
 Ice Form                 Ice/Tmut       0%         N/A       99%         4
 Summon Ice Beast         Ice/Summ       0%         N/A       99%         4
 Discord                  Hex            0%         N/A       100%        8


Dungeon Overview and Level Annotations

Branches:
Dungeon (3/15)

Altars:

Annotations:
D:3 Ijyb


Innate Abilities, Weirdness & Mutations

You cannot wear most types of armour.
You are amphibious.
You can wear up to eight rings at the same time.
Your skin changes colour to match your surroundings (Stealth+).
Your rubbery body absorbs attacks. (AC +1, EV +1)
((You are camouflaged when in or above water. (Stealth+)))
You have tentacles for arms and can constrict up to eight enemies at once.


Message History

You kill the adder!
You have reached level 4!
The kobold closely misses you.
You barely miss the kobold. You grab the kobold.
You constrict the kobold, but do no damage.
The kobold misses you. The kobold barely misses you.
You hit the kobold.
You kill the kobold!
You see here a +0 short sword.
There is an escape hatch in the floor here.
You open the door.
There is an open door here.
An endoplasm comes into view.
Found a fuming brown potion.
Found a scroll labelled JUIRUEL OTYIB.
The helpless endoplasm fails to defend itself.
You puncture the endoplasm!
You kill the endoplasm!
Found 8 gold pieces.
m - a fuming brown potion You now have 76 gold pieces (gained 8).
HP restored.
You open the door.
There is an open door here.
You open the door.
Ijyb the Twisted Goblin comes into view.
She is wielding a +0 club, wearing a +2 scale mail of positive energy and carrying a wand of acid (9).
Found a stone staircase leading up.
There is an open door here.
You closely miss Ijyb. You grab Ijyb. You constrict Ijyb, but do no damage.
Ijyb misses you.
You hit Ijyb but do no damage. You squeeze Ijyb.
Ijyb is moderately wounded.
You constrict Ijyb, but do no damage. Ijyb hits you with a +0 club!
You hit Ijyb but do no damage.
Ijyb is moderately wounded.
You constrict Ijyb. You block Ijyb's attack.
You hit Ijyb but do no damage.
Ijyb is moderately wounded.
You constrict Ijyb.
Ijyb zaps a wand.
The bolt of acid hits you!!!
Ouch! That really hurt!
You die...

.##
.........#....#...#
##
........##.........
#
........##....##...
........##....# ..
..?..######...#
.###. #...#
####+### #...#
#......###...##
#....g@'.'....#
#......###....#
#.....<# ###..#
#......# ..#
#......# ..#
#......# ..#
######.. .. ##. ..


You could see Ijyb.

Vanquished Creatures
  2 adders
  A worm (D:3)
  A dart slug (D:2)
  3 orcs (D:3)
  3 endoplasms
  6 goblins (D:1)
  4 jackals (D:2)
  3 quokkas
  6 ball pythons
  2 bats
  2 frilled lizards (D:1)
  2 kobolds
  A rat (D:1)
36 creatures vanquished.

Notes
Turn   | Place    | Note
-------+----------+-------------------------------------------
     0 | D:1      | adizb the Octopode Fighter began the quest for the Orb.
     0 | D:1      | Reached XP level 1. HP: 16/16 MP: 1/1
    82 | D:1      | Reached skill level 1 in Stealth
   105 | D:1      | Reached XP level 2. HP: 21/21 MP: 2/2
   759 | D:2      | Reached XP level 3. HP: 26/26 MP: 3/3
   867 | D:2      | Found a faded altar of an unknown god.
  1157 | D:3      | Reached XP level 4. HP: 26/31 MP: 4/4
  1203 | D:3      | Noticed Ijyb
  1209 | D:3      | Killed from afar by Ijyb

Illustrated notes

Levels and vault maps discovered:
D:1:      amcnicky_arrival_feature_with_door, layout_basic,
          chequers_serial_rivers_micro_c, kennysheep_another_room
D:2:      layout_basic, shapermc_ecumenical_altar_flowoftime,
          chequers_serial_rivers_micro_a
D:3:      cheibrodos_pilgrimage, layout_basic, uniq_ijyb

Skill      XL: |  1  2 |
---------------+-------+-----
Stealth        | 1 2 |  2.8
Fighting       | |  3.2
Short Blades   | |  2.9
Dodging        | |  3.2
Shields        | |  3.2

Action                   |  1- 3 |  4- 6 || total
-------------------------+-------+-------++-------
Melee: Rapier            |    58 |     7 ||    65
       Constrict         |    15 |     2 ||    17
       Tentacles         |     7 |     1 ||     8
       Punch             |     1 |       ||     1
 Stab: Sleeping          |     7 |     1 ||     8
Armor: Skin              |     2 |       ||     2
Dodge: Dodged            |    31 |     4 ||    35
Block: Buckler           |     7 |     1 ||     8
